[Event "1st Serbian League 2022"]
[Site "Vrnjacka Banja"]
[Date "2022.09.24"]
[Round "5.12"]
[White "Zlatanovic, Boroljub"]
[Black "Vratonjic, Slobo"]
[Result "1/2-1/2"]
[ECO "A41"]
[WhiteElo "2313"]
[BlackElo "2253"]
[Annotator "TA"]
[PlyCount "38"]
[EventDate "2022.09.20"]
[EventType "team-tourn"]
[EventCountry "SRB"]
[SourceTitle "playchess.com"]
[Source "ChessBase"]
[SourceQuality "1"]
[TimeControl "40/5400+30:1800+30"]

1. c4 e5 2. g3 c6 3. d4 d6 4. dxe5 dxe5 5. Qxd8+ Kxd8 6. Nc3 {[%emt 0:01:08] The position is equal.} Be6 {[%emt 0:03:34] A41: 1 d4 d6: Tartakower System and Modern Defence.} 7. e4 Nd7 8. f4 {[%emt 0:05:22] [#] Hoping for f5.} g6 {[%emt 0:03:15] Prevents f5.} 9. Nf3 f6 {[%emt 0:00:52] Inhibits Ng5.} 10. Be3 {[%emt 0:02:50] [#]} Bc5 $146 ({Predecessor:} 10... Nh6 11. h3 exf4 12. gxf4 Bc5 13. Nd4 Bf7 14. O-O-O Ke7 15. a3 a5 16. Na4 Ba7 {0-1 (38) Tyurin,A (2261)-Brankovic,D (2302) Paracin 2022}) 11. Bxc5 Nxc5 12. fxe5 Bg4 13. Nd2 fxe5 14. b4 Nd7 15. Be2 Ngf6 16. Bxg4 Nxg4 17. Ke2 a5 18. a3 Kc7 19. Nf3 Rhe8 {[%emt 0:05:40] Not much happened in this game.  Weighted Error Value: White=0.03 (flawless) /Black=0.05 (flawless)} 1/2-1/2

[Event "1st Serbian League 2022"]
[Site "Vrnjacka Banja"]
[Date "2022.09.24"]
[Round "5.13"]
[White "Sanal, Vahap"]
[Black "Sarana, Alexey"]
[Result "0-1"]
[ECO "B51"]
[WhiteElo "2595"]
[BlackElo "2662"]
[Annotator "TA"]
[PlyCount "70"]
[EventDate "2022.09.20"]
[EventType "team-tourn"]
[EventCountry "SRB"]
[SourceTitle "playchess.com"]
[Source "ChessBase"]
[SourceQuality "1"]
[TimeControl "40/5400+30:1800+30"]

1. e4 c5 2. Nf3 d6 3. Bb5+ Nd7 4. O-O a6 5. Bd3 e6 6. Re1 {[%emt 0:01:36] B51: Sicilian: Moscow Variation (3 Bb5+) without 3...Bd7.} g5 {[%emt 0:00:09][%cal Bg7g5,Bg5g4][%mdl 32] [#] Hoping for ...g4.} 7. Rf1 $146 ({Predecessor:} 7. Kh1 g4 8. Ng1 h5 9. Bf1 Qf6 10. Qe2 Ne7 11. c3 Ng6 12. d4 cxd4 13. cxd4 Qxd4 {0-1 (78) Kovalev,V (2623)-Aronian,L (2785) Chess.com INT 2022}) 7... g4 8. Ne1 {[%emt 0:00:06] The position is equal.} Ngf6 9. Be2 h5 10. d3 $1 b5 11. a4 Bb7 $36 {[%emt 0:03:19][%mdl 2048] Black has the initiative.} 12. c3 d5 13. exd5 Nxd5 14. axb5 $1 axb5 (14... Bd6 {feels hotter.} 15. c4 Nf4 16. Bxf4 Bxf4 17. bxa6 Qb8) 15. Rxa8 Bxa8 16. c4 Ne7 17. d4 (17. Nc3 $11) 17... cxd4 {[%emt 0:01:21] Black is more active.} (17... bxc4 $17 {Black wants to play ...Nf5.} 18. dxc5 Nf5 19. Bxc4 Bxc5) 18. Qxd4 (18. Na3 $1 $11) 18... Ng6 (18... Rg8 $1 $15 19. Nc3 Nf5) 19. cxb5 $11 Qb8 {[%emt 0:03:54] aiming for ...Bd6.} 20. b4 Rg8 (20... Bd6 $5 21. f4 $8 e5 22. fxe5 Bxe5 $11) 21. Be3 Bd6 22. f4 {[%emt 0:00:48] [#]} ({Better is} 22. g3 $1 $15) 22... e5 (22... gxf3 $1 $17 23. Bxf3 (23. Nxf3 Ne7 $17) 23... Bxh2+ 24. Kh1 Qxb5) 23. fxe5 Bxe5 24. Qc4 (24. Qd2 $1 $11 {keeps the balance.}) 24... Bxh2+ $17 25. Kh1 Nge5 {[%emt 0:00:19] Really sharp!} 26. Qa2 Bg3 27. Nc3 {[%emt 0:04:21] [#]} Bb7 ({Black should try} 27... Qd8 $1 $17 {[%cal Rd8h4] ( -> ...Qh4+)} 28. Kg1 Bb7) 28. Bf4 $1 $11 Bxf4 29. Rxf4 Qd8 30. Qd2 $1 Qg5 {[%emt 0:02:50] Threatens to win with ...Nf8.} 31. Kg1 Rg6 {[%emt 0:07:11][%cal Og6d6] And now ...Rd6! would win.} (31... Qh4 32. Ne4 Rg6 33. Nc5 $16) 32. Qe3 {[%emt 0:05:41] This costs White the game.} (32. Rd4 $1 $11 {and White is okay.}) 32... Re6 $19 33. Ne4 (33. Qd2 {was called for.}) 33... Bxe4 ({Weaker is} 33... Qh4 34. Nc2 Bxe4 35. Rxe4 $11) 34. Qxe4 (34. Rxe4 Nf3+ 35. gxf3 Qxe3+ 36. Rxe3 Rxe3 37. Kf2) 34... Ng6 {[%emt 0:02:10] Pair of Knights!} 35. Qa8+ Qd8 {[%emt 0:00:19] Weighted Error Value: White=0.27 (precise) /Black=0.20 (precise)} 0-1

[Event "1st Serbian League 2022"]
[Site "Vrnjacka Banja"]
[Date "2022.09.24"]
[Round "5.14"]
[White "Ivic, Velimir"]
[Black "Gurel, Ediz"]
[Result "1-0"]
[ECO "D17"]
[WhiteElo "2553"]
[BlackElo "2437"]
[Annotator "TA"]
[PlyCount "77"]
[EventDate "2022.09.20"]
[EventType "team-tourn"]
[EventCountry "SRB"]
[SourceTitle "playchess.com"]
[Source "ChessBase"]
[SourceQuality "1"]
[TimeControl "40/5400+30:1800+30"]

1. d4 d5 2. c4 c6 3. Nf3 Nf6 4. Nc3 dxc4 5. a4 Bf5 6. Ne5 Nbd7 7. Nxc4 Nb6 8. Ne5 a5 9. e3 {[%emt 0:00:41] D17: Slav Defence: 5 a4 Bf5: Lines with 6 Nh4 and 6 Ne5.} e6 10. g4 Bg6 11. h4 {[%emt 0:01:14][%cal Bh2h4,Bh4h5][%mdl 32] White is slightly better.} Bb4 (11... Bd6 $14) 12. h5 $16 Be4 13. f3 Bd5 14. e4 $36 {[%emt 0:00:19][%mdl 2048] Keeping Black busy.} Bxe4 15. fxe4 Nxe4 16. Qd3 Nd5 17. Qxe4 Nxc3 {[%emt 0:00:00] [#]} 18. bxc3 ({Better is} 18. Qd3 $1 $16 Nb5+ 19. Kf2 Nxd4 20. Be3 Qf6+ 21. Kg2) 18... Bxc3+ $14 19. Bd2 {[%emt 0:00:11] [#]} Qxd4 $146 {[%emt 0:00:00] This move loses the game for Black.} (19... Bxa1 $14 20. Nf3 Qd6) ({Predecessor:} 19... Bxa1 20. Be3 Qd5 21. Qxd5 Bc3+ 22. Ke2 exd5 23. h6 f6 24. hxg7 Rg8 25. Nd3 Rxg7 {1-0 (50) Cheparinov,I (2677)-Nikolov,S (2386) Varna 2012}) 20. Qxd4 $18 Bxd4 21. Rb1 Bxe5 22. Rxb7 O-O 23. Rh3 Rfd8 24. Rd3 h6 (24... Rd5 $142 25. Rd7 Kf8) 25. Rdd7 ({Much less strong is} 25. Rxd8+ Rxd8 26. Ra7 (26. Bxa5 Ra8 $16) 26... Rd4 27. Rxa5 Bg3+ 28. Ke2 Rxg4) 25... c5 26. Bc4 Bf6 27. Ke2 ({Not} 27. Rxf7 Rd4 $18) 27... Rxd7 28. Rxd7 Bb2 29. Kd3 {[%emt 0:02:43] White is clearly winning.} Kf8 30. Bf4 Ba3 31. Bd6+ Kg8 32. Bc7 Ra7 (32... Bb4 $142 33. Bb5 Rf8) 33. Bb5 (33. Rd8+ $142 Kh7 34. Be5) 33... Kh7 (33... g6 $142 34. hxg6 fxg6) 34. Kc4 f6 35. Bc6 {[%emt 0:00:17] [#] Intending Be4+ and mate.} f5 {[%emt 0:00:00] Against Be4} 36. gxf5 exf5 37. Kb5 {[%emt 0:00:25] And now Kb6 would win.} c4 38. Kxc4 Bc1 39. Kb5 {[%emt 0:02:34] Weighted Error Value: White=0.28 (precise) /Black=0.48} 1-0

[Event "1st Serbian League 2022"]
[Site "Vrnjacka Banja"]
[Date "2022.09.24"]
[Round "5.15"]
[White "Markus, Robert"]
[Black "Nenezic, Marko"]
[Result "1/2-1/2"]
[ECO "D78"]
[WhiteElo "2615"]
[BlackElo "2528"]
[Annotator "TA"]
[PlyCount "64"]
[EventDate "2022.09.20"]
[EventType "team-tourn"]
[EventCountry "SRB"]
[SourceTitle "playchess.com"]
[Source "ChessBase"]
[SourceQuality "1"]
[TimeControl "40/5400+30:1800+30"]

1. d4 Nf6 2. Nf3 g6 3. c4 Bg7 4. g3 c6 5. Bg2 d5 6. Na3 O-O 7. O-O Qb6 {[%emt 0:00:11] D78: Fianchetto Grünfeld: 6 0-0 c6.} 8. b3 Bf5 9. Bb2 {[%emt 0:03:33] [#]} Rd8 $146 ({Predecessor:} 9... a5 10. Qd2 Nbd7 11. Rfc1 Rfd8 12. e3 Ne4 13. Qe2 a4 14. c5 Qa5 15. Ne1 axb3 16. axb3 {½-½ (36) Nikolic,P (2620)-Popovic,P (2510) Pula 1991}) 10. e3 a5 11. Ne5 Nbd7 12. Nxd7 Rxd7 13. Qe2 a4 14. c5 Qa5 15. Nc2 Qa6 16. Qxa6 Rxa6 17. Rfc1 axb3 18. axb3 Rxa1 19. Bxa1 Rd8 20. Bb2 Rb8 21. b4 {[%emt 0:05:11] The position is equal.} b6 22. cxb6 Rxb6 23. Bc3 e6 24. f3 h5 25. h3 Bf8 26. g4 Bxc2 (26... Bd3 {is more complex.} 27. Bf1 Bb5 28. Ra1 Ne8) 27. Rxc2 Bxb4 28. Bxb4 Rxb4 29. Rxc6 $11 {[%emt 0:00:05] KRB-KRN} Rb1+ 30. Bf1 h4 31. Kf2 Rb2+ 32. Kg1 $1 Rb1 {[%emt 0:01:26] Weighted Error Value: White=0.03 (flawless) /Black=0.03 (flawless)} 1/2-1/2

[Event "1st Serbian League 2022"]
[Site "Vrnjacka Banja"]
[Date "2022.09.24"]
[Round "5.16"]
[White "Djukic, Nikola"]
[Black "Solak, Dragan"]
[Result "1/2-1/2"]
[ECO "B43"]
[WhiteElo "2536"]
[BlackElo "2592"]
[Annotator "TA"]
[PlyCount "145"]
[EventDate "2022.09.20"]
[EventType "team-tourn"]
[EventCountry "SRB"]
[SourceTitle "playchess.com"]
[Source "ChessBase"]
[SourceQuality "1"]
[TimeControl "40/5400+30:1800+30"]

1. e4 c5 2. Nf3 e6 3. d4 cxd4 4. Nxd4 a6 5. Nc3 b5 6. Bd3 Bb7 7. O-O Nc6 8. Nxc6 Bxc6 9. Qe2 {[%emt 0:04:18] B43: Sicilian: Kan Variation: 5 Nc3.} Ne7 10. Bd2 b4 11. Nd1 {[%emt 0:01:32][%cal Bc3d1,Bd1e3,Be3c4][%mdl 32] [#]} Ng6 $146 ({Predecessor:} 11... a5 12. Ne3 Ng6 13. f4 Bc5 14. Kh1 Qc7 15. Nc4 O-O 16. f5 exf5 17. Rxf5 d6 {1-0 (40) Vuckovic,B (2640)-Urosevic,A (2240) Sarajevo 2010}) 12. f4 Bd6 13. e5 Be7 14. Ne3 Bc5 15. h3 d6 16. exd6 Qxd6 17. g3 O-O {[%emt 0:33:03] [#] And now ...e5 would win.} ({Resist} 17... Qd5 18. Kh2 Qd7 19. Rad1 $14) 18. Kh2 a5 19. Nc4 Qc7 ({Don't do} 19... Qd5 20. Rad1 $11) 20. Be3 Bb5 21. Bxc5 Qxc5 22. Ne5 Nxe5 23. Bxb5 Rfb8 24. Ba6 Rb6 25. fxe5 Rbxa6 26. c4 bxc3 27. Rac1 Rb6 {[%emt 0:00:59] Hoping for ...Rab8.} 28. Rxc3 Qb5 29. Qf2 (29. Qf3 $11 Qe8 30. b3) 29... Rb7 $15 (29... Qxb2 $2 30. Rc2 Qxc2 31. Qxc2 $18) 30. Rb3 Qd7 31. Rd1 Qd6 $2 32. Rd2 $2 (32. exd6 $18 Rd7 33. Rc3) 32... Qxd2 $4 33. Rb5 $4 (33. Qxd2 $18 Rxb3 34. axb3) 33... Qd1 $2 (33... Qxf2+ {mates} 34. Kh1 Rxb5 35. g4 Rxe5 36. b3 Re1#) 34. Rxb7 {[%emt 0:00:00][%mdl 4096] Endgame KQR-KQR} Rf8 35. Rc7 h6 36. b3 a4 37. bxa4 Qxa4 38. Rc2 Qe4 39. Re2 Qa8 40. Qf4 Rc8 41. Rf2 Qa7 42. h4 {[%emt 0:00:57] [#]} Rb8 (42... Rc1 $1 $17) 43. Rd2 Qa3 (43... Rb1 $2 44. Rd8+ Kh7 45. Qe4+ g6 46. Qxb1 $18) 44. Kh3 Qa7 45. Kh2 Qc7 (45... Rb1 $2 46. Rd8+ Kh7 47. Qe4+ g6 48. Qxb1 $18) 46. Qe4 Qc1 (46... Rb5 $5 ) 47. Rf2 Qc5 48. Rc2 Qa5 49. Kg2 Rd8 50. Kh3 Qa6 (50... h5 $15 {feels stronger.}) 51. Qf3 Qa7 52. Kh2 Qd4 53. Rf2 Rd7 54. Qa8+ Kh7 55. Re2 Rd5 {[%emt 0:00:00] ...Qd3 is the strong threat.} 56. Qb7 Qg4 57. Qb1+ Qg6 (57... g6 $5 58. Rf2 Rd7 $11) 58. Qxg6+ {[%emt 0:01:59] The position is equal.} Kxg6 $11 {[%emt 0:00:00] KR-KR} 59. a4 h5 60. Kg2 Rd7 61. Rf2 Rc7 62. Rf4 Rc5 63. Re4 Rc3 64. g4 Ra3 65. Rf4 hxg4 66. Rxg4+ Kh7 67. Rf4 f5 {[%emt 0:00:44] aiming for ...Re3.} 68. exf6 gxf6 69. Rxf6 Rxa4 70. Rxe6 Rxh4 71. Re3 Rg4+ 72. Rg3 Rxg3+ 73. Kxg3 {[%emt 0:00:03] Weighted Error Value: White=0.32/Black=0.26 (precise)} 1/2-1/2

[Event "1st Serbian League 2022"]
[Site "Vrnjacka Banja"]
[Date "2022.09.24"]
[Round "5.17"]
[White "Kovacevic, Aleksandar"]
[Black "Strikovic, Aleksa"]
[Result "1/2-1/2"]
[ECO "C70"]
[WhiteElo "2471"]
[BlackElo "2491"]
[Annotator "TA"]
[PlyCount "69"]
[EventDate "2022.09.20"]
[EventType "team-tourn"]
[EventCountry "SRB"]
[SourceTitle "playchess.com"]
[Source "ChessBase"]
[SourceQuality "1"]
[TimeControl "40/5400+30:1800+30"]

1. e4 e5 2. Nf3 Nc6 3. Bb5 a6 4. Ba4 b5 5. Bb3 Na5 6. O-O d6 7. d4 exd4 {[%emt 0:00:15] 7...exd4 scores better than 7...Nxb3.} 8. Nxd4 Bb7 9. a4 {[%emt 0:13:27] C70: Ruy Lopez: 3...a6 4 Ba4, Norwegian and Delayed Schliemann.} c5 10. Nf5 (10. Qf3 $5 Nf6 11. Nf5 $14) 10... Nxb3 11. cxb3 {[%emt 0:00:07] Strongly threatening Bf4. White has an edge.} g6 12. Ne3 Nf6 (12... Bxe4 $2 13. Re1 f5 14. Nd5 $18) 13. Nc3 {[%emt 0:05:47] [#]} ({Better is} 13. axb5 $14 axb5 14. Rxa8 Bxa8 15. f3) 13... b4 $146 (13... Nxe4 14. Nxe4 Bxe4 15. Nd5 $18) ({Predecessor:} 13... Be7 14. Ned5 b4 15. Nxf6+ Bxf6 16. Nd5 Be5 17. Bf4 Bxb2 18. Ra2 Bd4 19. Bh6 Bxd5 20. exd5 {0-1 (52) Grigoriants,S (2561)-Vallejo Pons,F (2707) Riadh 2017}) 14. Ncd5 Bg7 ({Don't take} 14... Nxe4 15. Re1 Bg7 16. Nc2 $16 (16. f3 Bd4 $16)) 15. Nc4 {[%emt 0:08:53] Threatens to win with Nxf6+.} Nxd5 (15... Nxe4 16. Re1 f5 17. f3 $14) 16. exd5 {[%emt 0:00:07] Black must now prevent Re1+.} O-O 17. Bf4 Be5 (17... Bd4 $11) 18. Bxe5 $16 ({Don't play} 18. Nxe5 $6 dxe5 19. Bxe5 Re8 $11) 18... dxe5 19. d6 Qg5 20. f3 Rad8 21. Qc1 ({Much worse is} 21. d7 $6 Qe7 $11) 21... Qf4 22. Rd1 {[%emt 0:08:40] Prevents Bd5.} Rfe8 23. Qxf4 $1 exf4 {[%emt 0:00:02] [#]} 24. Rac1 $1 Ba8 {[%emt 0:21:21] [#]} 25. Nb6 $1 {[%emt 0:15:09] Hoping for d7.} Re5 26. d7 Bb7 27. Rd6 Kf8 28. Rcd1 {[%emt 0:01:44] White is more active.} Ke7 29. Nc4 Re6 {[%emt 0:00:57] And now ...Rxd6 would win.} 30. R6d2 g5 31. Kf2 {[%emt 0:00:42] The position is equal.} Bc6 32. Na5 Ba8 (32... Bxd7 $2 33. Nb7 Ra8 34. Rxd7+ $18) 33. Nc4 Bc6 34. Na5 Ba8 (34... Bxd7 $2 35. Nb7 Re8 36. Rxd7+ $18) 35. Nc4 {[%emt 0:00:37] Weighted Error Value: White=0.10 (very precise) /Black=0.08 (flawless)} 1/2-1/2

[Event "1st Serbian League 2022"]
[Site "Vrnjacka Banja"]
[Date "2022.09.24"]
[Round "5.18"]
[White "Perunovic, Miodrag"]
[Black "Omorjan, Dejan"]
[Result "1-0"]
[ECO "B12"]
[WhiteElo "2413"]
[BlackElo "2265"]
[Annotator "TA"]
[PlyCount "67"]
[EventDate "2022.09.20"]
[EventType "team-tourn"]
[EventCountry "SRB"]
[SourceTitle "playchess.com"]
[Source "ChessBase"]
[SourceQuality "1"]
[TimeControl "40/5400+30:1800+30"]

1. e4 c6 2. d4 d5 3. e5 Bf5 4. h4 h5 5. Bd3 Bxd3 6. Qxd3 {[%emt 0:00:03][%cal Oe5e6] White wants to play e6! B12: Caro-Kann: Advance Variation.} Qa5+ 7. b4 (7. c3 $11) 7... Qxb4+ $15 8. Nd2 {[%emt 0:00:01] Strongly threatening Rb1. Black is slightly better.} e6 9. Rb1 Qe7 10. Ne2 {[%emt 0:00:01] [#]} Nh6 $146 ({Predecessor:} 10... Qc7 11. O-O Nd7 12. c4 dxc4 13. Nxc4 Nb6 14. Nc3 Nh6 15. Bg5 Nxc4 16. Qxc4 Qd7 {½-½ (33) Van Foreest,J (2714)-Carlsen,M (2864) Oslo 2022}) 11. Nf3 b5 12. O-O Nf5 13. Bg5 Qa3 14. Rb3 (14. c3 $15) 14... Qxa2 $17 15. Ng3 g6 16. Bf6 Rh6 17. Bg5 {[%emt 0:15:30] Black must now prevent Nxf5.} Rh8 18. Bf6 $1 Rh6 $1 19. Bg5 $1 Rh7 20. Rfb1 (20. Qc3 $17) 20... Qa6 ({Better is} 20... Qa5 $1 $19 21. Nxf5 gxf5) 21. Nd2 (21. Nxf5 $17 gxf5 22. Qc3) 21... Nd7 $19 22. Nxf5 gxf5 23. Nf1 Qc8 24. Ng3 Bh6 25. Qd2 ({White should play} 25. Bxh6 Rxh6 26. Qd2) 25... Bxg5 $1 $17 26. Qxg5 {[%emt 0:00:03] [#]} (26. hxg5 $17 a5 27. Ne2) 26... Qd8 $1 $19 27. Qg8+ Nf8 28. Rc3 Kd7 {[%emt 0:01:10][%mdl 8192] [#]} (28... Qxh4 $19 {and all is fine.} 29. Ne2 (29. Rxc6 $2 Qxd4 30. Qg5 Qg4 $19) 29... Qe4) 29. Nxh5 $1 $18 {[%emt 0:02:42] Nf6+ is the strong threat.} Qxh4 (29... Kc7 $142) 30. Rh3 {[%emt 0:03:54] White is clearly winning.} Qxd4 31. Nf6+ Ke7 32. Rxh7 Nxh7 33. Qxa8 Nxf6 34. exf6+ {[%emt 0:00:05] Weighted Error Value: White=0.22 (precise) /Black=0.41} 1-0

[Event "1st Serbian League 2022"]
[Site "Vrnjacka Banja"]
[Date "2022.09.24"]
[Round "5.19"]
[White "Budisavljevic, Luka"]
[Black "Yilmazyerli, Mert"]
[Result "1/2-1/2"]
[ECO "D27"]
[WhiteElo "2524"]
[BlackElo "2533"]
[Annotator "TA"]
[PlyCount "53"]
[EventDate "2022.09.20"]
[EventType "team-tourn"]
[EventCountry "SRB"]
[SourceTitle "playchess.com"]
[Source "ChessBase"]
[SourceQuality "1"]
[TimeControl "40/5400+30:1800+30"]

1. d4 d5 2. c4 dxc4 3. Nf3 Nf6 4. e3 e6 5. Bxc4 c5 6. O-O a6 7. b3 Nc6 8. dxc5 Qxd1 9. Rxd1 Bxc5 10. Bb2 b5 11. Be2 Bb7 12. Nbd2 {[%emt 0:00:00][%cal Bb1d2,Bd2c4,Bc4d6][%mdl 32] D27: Queen's Gambit Accepted: Classical main line: 7 e4!? and 7 a4.} Be7 13. a4 bxa4 14. Rxa4 {[%emt 0:00:00] White is slightly better.} O-O 15. Rda1 a5 {[%emt 0:03:39] [#]} 16. Ne5 $146 ({Predecessor:} 16. Nc4 Bb4 17. Nd4 Nd5 18. Bf3 Nxd4 19. Bxd4 Bc6 20. R4a2 Rfb8 21. h3 h6 22. Nxa5 Rxa5 23. Rxa5 Bxa5 24. Rxa5 Rxb3 {½-½ (32) Dzagnidze,N (2515)-Muzychuk,M (2552) Lausanne 2020}) 16... Bb4 {[%emt 0:10:54] [#] White must now prevent ...Nxe5.} 17. Ndc4 Nxe5 18. Bxe5 Nd7 19. Bd6 Bxd6 20. Nxd6 Bd5 21. Bc4 Bxc4 {[%emt 0:04:34] The position is equal.} 22. Nxc4 Rab8 $1 {[%emt 0:03:59] Prevents b4.} 23. Nxa5 Nc5 24. R4a3 Rb5 25. h3 Rxa5 {[%emt 0:01:24][%mdl 64] [#] Remove Defender, Decoy} 26. Rxa5 Nxb3 27. R1a3 {[%emt 0:00:00] Weighted Error Value: White=0.09 (flawless) /Black=0.04 (flawless)} 1/2-1/2

[Event "1st Serbian League 2022"]
[Site "Vrnjacka Banja"]
[Date "2022.09.24"]
[Round "5.20"]
[White "Gokerkan, Cem Kaan"]
[Black "Puranik, Abhimanyu"]
[Result "1/2-1/2"]
[ECO "D79"]
[WhiteElo "2465"]
[BlackElo "2603"]
[Annotator "TA"]
[PlyCount "40"]
[EventDate "2022.09.20"]
[EventType "team-tourn"]
[EventCountry "SRB"]
[SourceTitle "playchess.com"]
[Source "ChessBase"]
[SourceQuality "1"]
[TimeControl "40/5400+30:1800+30"]

1. Nf3 d5 2. g3 g6 3. Bg2 Bg7 4. d4 Nf6 5. O-O O-O 6. c4 c6 7. cxd5 cxd5 8. Nc3 Nc6 9. Ne5 e6 10. Nxc6 bxc6 11. Na4 Nd7 12. Bf4 Ba6 {[%emt 0:04:10] The main line 12...Ba6 scores better than 12...e5.} 13. Rc1 Rc8 {[%emt 0:05:51] D79: Fianchetto Grünfeld: Symmetrical Variation (6 0-0 c6 7 cxd5 cxd5).} 14. Qd2 Re8 {[%emt 0:05:11] [#]} 15. Bh3 $146 ({Predecessor:} 15. Rfe1 Bb5 16. Nc3 Qb6 17. Red1 a5 18. Bd6 a4 19. e3 Qa6 20. Nxb5 Qxb5 21. Qb4 Qxb4 22. Bxb4 {½-½ (47) Margl,R (2293)-Antal,G (2562) Ajka 2021}) 15... Bf8 {[%emt 0:11:49] The position is equal.} 16. Bg5 f6 17. Be3 Bb5 18. Nc3 Ba6 19. Na4 Bb5 20. Nc3 Ba6 {[%emt 0:00:03] Weighted Error Value: White=0.08 (flawless) /Black=0.08 (flawless)} 1/2-1/2

[Event "1st Serbian League 2022"]
[Site "Vrnjacka Banja"]
[Date "2022.09.24"]
[Round "5.21"]
[White "Gagunashvili, Merab"]
[Black "Arsovic, Goran"]
[Result "1-0"]
[ECO "E62"]
[WhiteElo "2552"]
[BlackElo "2362"]
[Annotator "TA"]
[PlyCount "87"]
[EventDate "2022.09.20"]
[EventType "team-tourn"]
[EventCountry "SRB"]
[SourceTitle "playchess.com"]
[Source "ChessBase"]
[SourceQuality "1"]
[TimeControl "40/5400+30:1800+30"]

1. d4 Nf6 2. c4 g6 3. g3 Bg7 4. Bg2 d6 5. Nf3 O-O 6. O-O Nc6 7. Nc3 e5 8. dxe5 dxe5 9. Bg5 h6 10. Qxd8 Rxd8 11. Bxf6 {[%emt 0:00:12] E62: King's Indian: Fianchetto: 6...c6 and Panno Variation (6...Nc6) without ...a6.} Bxf6 12. Nd5 Kg7 13. Nxc7 {[%emt 0:00:57] White is slightly better.} Rb8 14. e4 Be7 15. Rfd1 Be6 {[%emt 0:05:58] [#]} 16. Rxd8 $146 ({Predecessor:} 16. Nxe6+ fxe6 17. Ne1 g5 18. Bh3 Kf6 19. Bg4 Bc5 20. Rxd8 Rxd8 21. Rd1 {½-½ (21) Volokitin,A (2677)-Shevchenko,K (2655) Warsaw 2021}) 16... Rxd8 17. Nd5 Bc5 18. Ne1 {[%emt 0:07:08] Pair of Knights!} a5 19. Rc1 Bd4 20. Rb1 Rc8 21. Bf1 g5 22. Nc2 Bc5 23. Nce3 Kg6 24. Be2 h5 25. a3 a4 26. Bd1 Ra8 27. Nc3 (27. Nc7 $14 Ra7 28. Nb5 (28. Nxe6 fxe6 29. Ng2 Bd4 $14)) 27... Bxe3 28. fxe3 Na5 $1 29. Nxa4 Nxc4 30. Nc5 Bg4 {[%emt 0:00:29] Inhibits Be2.} 31. Bxg4 hxg4 32. Nxb7 $11 {[%emt 0:02:43][%mdl 4096] Endgame KRN-KRN} Rb8 33. Rc1 Nd2 34. Rc6+ Kg7 (34... f6 $11 {keeps the balance.} 35. Rc7 Nf3+ 36. Kh1 Rh8) 35. Rc7 $16 Nf3+ {[%emt 0:02:36] [#]} 36. Kf1 (36. Kh1 $1 $16) 36... Nxh2+ $2 (36... Rh8 $1 $11) 37. Ke2 $18 Nf3 38. a4 Rh8 39. Kd3 Rh2 40. Kc3 Re2 41. Nd6 Rxe3+ 42. Kc4 (42. Kb4 $18 {Black must now prevent Nf5+.} Nd4 43. Rc3 (43. Nxf7 Kf6 $11) (43. Rxf7+ Kg6 $16)) 42... Nd2+ (42... Nd4 $16) 43. Kd5 {[%emt 0:00:00] [#] aiming for Nf5+.} Rd3+ 44. Kc6 {[%emt 0:00:00] Weighted Error Value: White=0.10 (very precise) /Black=0.25 (precise)} 1-0

[Event "1st Serbian League 2022"]
[Site "Vrnjacka Banja"]
[Date "2022.09.24"]
[Round "5.22"]
[White "Ristic, Nenad"]
[Black "Savic, Miodrag R"]
[Result "0-1"]
[ECO "B01"]
[WhiteElo "2267"]
[BlackElo "2406"]
[Annotator "TA"]
[PlyCount "94"]
[EventDate "2022.09.20"]
[EventType "team-tourn"]
[EventCountry "SRB"]
[SourceTitle "playchess.com"]
[Source "ChessBase"]
[SourceQuality "1"]
[TimeControl "40/5400+30:1800+30"]

1. e4 d5 2. exd5 Qxd5 3. Nc3 Qa5 4. d4 Nf6 5. Nf3 c6 6. Bc4 Bg4 7. h3 Qh5 8. Be2 {[%emt 0:04:55] B01: Scandinavian Defence.} e6 9. O-O Bxf3 10. Bxf3 {[%emt 0:00:05] White is better.} Qa5 11. Re1 Be7 12. Ne4 Nbd7 13. c3 Qc7 14. g3 Nxe4 15. Bxe4 {[%emt 0:00:37] [#]} O-O $146 ({Predecessor:} 15... Nf6 16. Bc2 Bd6 17. Kg2 O-O-O 18. b4 Nd5 19. Qd3 c5 20. bxc5 Bxc5 21. dxc5 Nf4+ 22. Bxf4 Rxd3 23. Bxc7 Rxc3 {1-0 (58) Emdin,M (1946)-Vialichka,K (1832) St Constantin and Helena 2010}) 16. Qc2 h6 17. Qe2 Nf6 18. Bc2 Rfd8 19. Qf3 Qa5 20. Re5 Rd5 21. Bf4 Rad8 22. b4 Qa3 23. Bc1 Qa6 24. Re1 Qb6 25. g4 a5 26. a3 Ra8 27. Rb1 axb4 28. axb4 Qd8 29. Bb3 Rd7 30. Bd2 Nd5 31. Qe4 Ra3 32. Bc2 {[%emt 0:00:00] [#] Threatening mate with Qh7+.} g6 33. Rb3 Ra2 (33... Nxb4 $5 34. Bxh6 (34. Rxa3 Nxc2 35. Qxc2 Bxa3 $15) (34. cxb4 Rxb3 35. Bxb3 Rxd4 $17) (34. Rxb4 $2 Bxb4 35. Qd3 Bf8 $19) 34... Nxc2 35. Qxc2 Rxb3 36. Qxb3 b5 $15) 34. Qd3 (34. Bxh6 $11 {and White stays safe.} Bg5 35. Bxg5 Qxg5 36. Bb1) 34... Bg5 35. Bxg5 Qxg5 (35... hxg5 $19 {is more deadly.} 36. Bb1 Ra1) 36. Bb1 $17 Rd2 37. Qf3 Qf4 ({Black should play} 37... h5 $17 {White must now prevent ...hxg4.} 38. b5 hxg4 39. hxg4 Nf6 40. bxc6 bxc6) 38. Be4 Qxf3 $40 {[%emt 0:00:00][%mdl 128] Black attacks.} 39. Bxf3 Nf4 40. Bg2 (40. Kh2 $15) 40... g5 41. Bf1 (41. Re3 $142) 41... Rc2 42. b5 cxb5 {[%emt 0:01:25] Black is much more active.} 43. Reb1 Rc7 44. Rxb5 R7xc3 45. Rxb7 Rf3 ({Weaker is} 45... Nxh3+ 46. Bxh3 Rxh3 47. d5 $19) 46. Ra7 Rcxf2 {[%emt 0:00:00] And now ...Rd2 would win.} 47. Rd1 Rb2 {[%emt 0:00:00] Weighted Error Value: White=0.21 (precise) /Black=0.10 (very precise)} 0-1